 Dungeon Sprint DCSS version 0.24-a0-537-g2d01d4a (webtiles) character file.

Game seed: 11900166998569014237

8857 Faca the Impaler (level 11, -7/103 HPs)
             Began as a Merfolk Gladiator on Aug 16, 2019.
             Was the Champion of the Shining One.
             Mangled by a deep elf knight
             ... wielding a +0 long sword
              (13 damage)
             ... in the Dungeon (Sprint V: "Ziggurat Sprint").
             The game lasted 00:06:39 (1039 turns).

Faca the Impaler (Merfolk Gladiator)                Turns: 1039, Time: 00:06:39

Health: -7/103     AC: 28    Str: 29    XL:     11   Next: 37%
Magic:  4/15       EV: 17    Int:  8    God:    the Shining One [******]
Gold:   0          SH: 15    Dex: 14    Spells: 10/10 levels left

rFire    + . .     SeeInvis .   L - +8 lance "Wyrmbane" {slay drac, rPois rF+ rC+ AC+3}
rCold    + . .     Gourm    .   I - +3 shield
rNeg     + + +     Faith    .   J - +9 storm dragon scales
rPois    +         Spirit   .   c - +0 helmet
rElec    +         Reflect  .   (no cloak)
rCorr    .         Harm     .   o - +2 pair of gloves of Amelioration {Stlth+}
MR       .....     NoTele   +   (no boots)
Stlth    ..........             (no amulet)
HPRegen  0.27/turn              C - +6 ring of strength
MPRegen  0.14/turn              D - +6 ring of strength

@: glowing
A: change form in water, swift swim, stealthy swim, clumsy 1, low mp 1
a: Divine Shield, Cleansing Flame, Summon Divine Warrior, Brand Weapon With Holy
Wrath, Renounce Religion


You were in the Dungeon.
You worshipped the Shining One.
The Shining One was exalted by your worship.
You were not hungry.

You visited 1 branch

Inventory:

Hand Weapons
 K - a +5 demon trident
 L - the +8 lance "Wyrmbane" (weapon) {slay drac, rPois rF+ rC+ AC+3}
   (You found it in the Dungeon)

   It affects your AC (+3).
   It protects you from fire.
   It protects you from cold.
   It protects you from poison.
Missiles
 d - 4 throwing nets (quivered)
Armour
 c - a +0 helmet (worn)
 o - the +2 pair of gloves of Amelioration (worn) {Stlth+}
   (You found it in the Dungeon)

   It makes you more stealthy.
 A - +1 pearl dragon scales
 H - a +3 large shield
 I - a +3 shield (worn)
 J - +9 storm dragon scales (worn)
Jewellery
 a - an uncursed ring of poison resistance
 x - an uncursed ring of flight
 y - a +6 ring of dexterity
 z - an uncursed ring of resist corrosion
 C - a +6 ring of strength (left hand)
 D - a +6 ring of strength (right hand)
Wands
 E - a wand of disintegration (7)
 F - a wand of iceblast (7)
 G - a wand of acid (7)
Scrolls
 b - a scroll of brand weapon
 k - 4 scrolls of blinking
 r - 4 scrolls of amnesia
 s - 7 scrolls of fog
 t - 2 scrolls of holy word
 u - 5 scrolls of identify
 v - 5 scrolls of remove curse
 w - 2 scrolls of fear
 B - 4 scrolls of enchant weapon
Potions
 e - 10 potions of curing
 g - 4 potions of heal wounds
 h - 9 potions of haste
 i - 7 potions of magic
 j - 3 potions of berserk rage
 l - 2 potions of brilliance
 m - 2 potions of invisibility
 n - 4 potions of resistance
 p - 5 potions of agility
 q - 5 potions of might
Comestibles
 f - 7 rations


   Skills:
 + Level 15.4 Fighting
 + Level 19.4 Polearms
 - Level 2.0 Throwing
 - Level 4.2 Armour
 + Level 17.1 Dodging
 + Level 7.7 Shields
 + Level 8.4 Invocations


You had 10 spell levels left.
You didn't know any spells.
Your spell library contained the following spells:

 Spells                   Type           Power        Failure   Level  Hunger
 Flame Tongue             Conj/Fire      #....        99%         1    ##.....
 Summon Butterflies       Summ           #.......     99%         1    ##.....
 Call Imp                 Summ           #.......     100%        2    ###....
 Passwall                 Tmut/Erth      #.......     100%        2    ###....
 Swiftness                Chrm/Air       #.......     100%        2    ###....
 Throw Flame              Conj/Fire      #.....       100%        2    ###....
 Conjure Flame            Conj/Fire      #.......     100%        3    ####...
 Inner Flame              Hex/Fire       #.......     100%        3    ####...
 Recall                   Summ/Tloc      N/A          100%        3    ####...
 Summon Guardian Golem    Hex/Summ       #.......     100%        3    ####...
 Cause Fear               Hex            #.........   100%        4    #####..
 Passage of Golubria      Tloc           N/A          100%        4    #####..
 Sticky Flame             Conj/Fire      #.......     100%        4    #####..
 Summon Ice Beast         Ice/Summ       #.......     100%        4    #####..
 Bolt of Magma            Conj/Fire/Erth #.........   100%        5    ######.
 Fireball                 Conj/Fire      #.........   100%        5    ######.
 Iskenderun's Battlesphe  Conj/Chrm      #.......     100%        5    ######.
 Lee's Rapid Deconstruct  Erth           #.........   100%        5    ######.
 Silence                  Hex/Air        #.........   100%        5    ######.
 Venom Bolt               Conj/Pois      #.........   100%        5    ######.
 Yara's Violent Unravell  Hex/Tmut       #.........   100%        5    ######.
 Darkness                 Hex            #.........   100%        6    #######
 Deflect Missiles         Chrm/Air       #.........   100%        6    #######
 Invisibility             Hex            #.......     100%        6    #######
 Iron Shot                Conj/Erth      #.........   100%        6    #######
 Shadow Creatures         Summ           N/A          100%        6    #######
 Orb of Destruction       Conj           #.........   100%        7    #######
 Spellforged Servitor     Conj/Summ      #.........   100%        7    #######
 Discord                  Hex            #.........   100%        8    #######
 Dragon's Call            Summ           #.........   100%        9    #######


Dungeon Overview and Level Annotations

Branches:
Dungeon (1/1)

Altars:
Ashenzari
Cheibriados
Dithmenos
Elyvilon
Fedhas
Gozag
Hepliaklqana
Kikubaaqudgha
Makhleb
Nemelex Xobeh
Okawaru
Qazlal
Ru
Sif Muna
Trog
Uskayaw
Vehumet
Wu Jian
Xom
Yredelemnul
Zin
The Shining One
Beogh
Jiyva
Lugonu


Innate Abilities, Weirdness & Mutations

You revert to your normal form in water.
You are very nimble and swift while swimming.
You are very stealthy in the water. (Stealth+)
You are clumsy. (Dex -2)
Your magical capacity is low. (-10% MP)


Message History

* * * LOW HITPOINT WARNING * * *
You block the deep elf knight's attack.
You feel much better.
The deep elf knight gestures at you while chanting.
The stone arrow misses you.
The stone arrow hits the deep elf knight!!
The deep elf master archer shoots an arrow.
You block the arrow.
The deep elf archer shoots an arrow.
You block the arrow.
The deep elf mage mumbles some strange words.
The deep elf master archer shoots an arrow.
The arrow hits you. The deep elf knight closely misses you.
The deep elf master archer shoots an arrow.
The arrow closely misses you.
You impale the deep elf knight!!
You kill the deep elf knight!
The deep elf master archer shoots an arrow.
The arrow hits you!!
* * * LOW HITPOINT WARNING * * *
The deep elf knight hits you with a +0 long sword!
You die...

▓...8©8...▓
▓..:}}:)..▓....==)..▓
▓..[[:=)..▓...).|...▓
▓.........▓.........▓
▓....3....▓.........▓
▓.........▓...).....▓
▓...)..e..▓....††÷..▓
▓.....eee.▓.▓..)..▓.▓
▓.▓e...@▓.▓....©....▓
▓....©))..▓▓▓▓▓▓▓▓▓▓▓
▓▓▓▓▓▓▓▓▓▓▓


You could see 2 deep elf master archers, a deep elf archer, a deep elf knight, a
deep elf mage and a smoke demon.

Vanquished Creatures
  A dancing weapon (D)
  A deep elf knight (D)
  An orc high priest (D)
  An ugly thing (D)
  5 draconians (D)
  A cyclops (D)
  A black mamba (D)
  A naga mage (D)
  A hellwing (D)
  A queen bee (shapeshifter) (D)
  4 merfolk (D)
  A hippogriff (D)
  A human (shapeshifter) (D)
  A steam dragon (D)
  A small abomination (D)
  3 neqoxecs (D)
  A naga (D)
  4 water moccasins (D)
  A hell hound (D)
  A black bear (shapeshifter) (D)
  A swamp drake (D)
  2 centaurs (D)
  2 crimson imps (D)
  2 iron imps (D)
  3 adders (D)
  3 shadow imps (D)
  3 white imps (D)
  2 ufetubi (D)
  An adder skeleton (D)
  An adder zombie (D)
  2 ball pythons (D)
  A ball python zombie (D)
  A quokka skeleton (D)
56 creatures vanquished.

Vanquished Creatures (collateral kills)
  A deep elf sorcerer (D)
1 creature vanquished.

Vanquished Creatures (others)
  A deep elf archer (D)
  A water moccasin (D)
2 creatures vanquished.

Grand Total: 59 creatures vanquished

Notes
Turn   | Place    | Note
-------+----------+-------------------------------------------
     0 | D        | Faca the Merfolk Gladiator began the quest for the Orb.
     0 | D        | Reached XP level 1. HP: 16/16 MP: 1/1
     0 | D        | Found a shimmering blue altar of Sif Muna.
     0 | D        | Found a bloodstained altar of Trog.
     0 | D        | Found a sacrificial altar of Ru.
     0 | D        | Found a stormy altar of Qazlal.
     0 | D        | Found an iron altar of Okawaru.
     1 | D        | Found a sparkling altar of Nemelex Xobeh.
     1 | D        | Found a blossoming altar of Fedhas.
     2 | D        | Found the +6 Majin-Bo {vamp, Archmagi MP+6 Int+6}
     2 | D        | Found the +7 great mace "Firestarter" {inner flame, rF++}
     3 | D        | Found a transporter.
     3 | D        | Found an ancient bone altar of Kikubaaqudgha.
     3 | D        | Found a viscous altar of Jiyva.
     3 | D        | Found a corrupted altar of Lugonu.
     3 | D        | Found a hazy altar of Hepliaklqana.
     3 | D        | Found a burning altar of Makhleb.
     3 | D        | Found an opulent altar of Gozag.
    35 | D        | Found the +6 shillelagh "Devastator" {shatter}
    35 | D        | Found the +11 plutonium sword {*Contam Stlth-}
    35 | D        | Found the +8 lance "Wyrmbane" {slay drac, rPois rF+ rC+
                  | AC+3}
    35 | D        | Found the +9 sword of Zonguldrok {reap}
    35 | D        | Found the cursed +13 scythe of Curses {drain, *Curse}
    35 | D        | Found the +0 sword of Power
    35 | D        | Found the +7 mace of Variability {chain chaos}
    35 | D        | Found the +7 Singing Sword {slice, sonic wave}
    35 | D        | Found the +8 storm bow {elec, penet}
    66 | D        | Reached skill level 8 in Polearms
    66 | D        | Reached XP level 2. HP: 28/28 MP: 2/2
    75 | D        | Became a worshipper of the Shining One
    88 | D        | Entered arena 2.
    88 | D        | Noticed a swamp drake
    88 | D        | Noticed a steam dragon
    88 | D        | Found a transporter.
    93 | D        | Killed a swamp drake
    93 | D        | Reached skill level 10 in Polearms
    93 | D        | Reached XP level 3. HP: 27/36 MP: 3/3
    93 | D        | Reached XP level 4. HP: 33/43 MP: 4/4
    97 | D        | Killed a steam dragon
    97 | D        | Reached skill level 11 in Polearms
    97 | D        | Reached XP level 5. HP: 39/51 MP: 5/5
   169 | D        | Entered arena 3.
   169 | D        | Reached * piety under the Shining One
   169 | D        | Noticed a small abomination
   169 | D        | Found a transporter.
   175 | D        | Killed a small abomination
   175 | D        | Reached ** piety under the Shining One
   175 | D        | Reached skill level 12 in Polearms
   175 | D        | Reached XP level 6. HP: 60/60 MP: 6/6
   184 | D        | Entered arena 4.
   184 | D        | Reached *** piety under the Shining One
   184 | D        | Reached **** piety under the Shining One
   184 | D        | Found a transporter.
   186 | D        | Reached skill level 10 in Dodging
   190 | D        | Reached skill level 10 in Fighting
   191 | D        | Reached ***** piety under the Shining One
   191 | D        | Reached skill level 13 in Polearms
   198 | D        | Entered arena 5.
   198 | D        | Noticed a water moccasin
   198 | D        | Found a transporter.
   205 | D        | Killed a water moccasin
   205 | D        | Reached XP level 7. HP: 67/67 MP: 7/7
   219 | D        | Entered arena 6.
   219 | D        | Noticed a draconian
   219 | D        | Noticed a draconian
   219 | D        | Noticed a draconian
   219 | D        | Noticed a draconian
   219 | D        | Noticed a draconian
   219 | D        | Found a transporter.
   225 | D        | Killed a draconian
   225 | D        | Reached skill level 14 in Polearms
   225 | D        | Reached XP level 8. HP: 58/75 MP: 8/8
   230 | D        | Killed a draconian
   230 | D        | Reached skill level 15 in Polearms
   239 | D        | Killed a draconian
   239 | D        | Reached skill level 16 in Polearms
   247 | D        | Killed a draconian
   247 | D        | Reached XP level 9. HP: 47/85 MP: 9/9
   263 | D        | Killed a draconian
   263 | D        | Reached skill level 17 in Polearms
   421 | D        | Entered arena 7.
   421 | D        | Reached ****** piety under the Shining One
   428 | D        | Reached skill level 1 in Invocations
   435 | D        | Found a transporter.
   442 | D        | Got the +2 pair of gloves of Amelioration {Stlth+}
   451 | D        | Entered arena 8.
   451 | D        | Noticed a salamander
   451 | D        | Noticed a queen bee
   451 | D        | Noticed a cyan ugly thing
   453 | D        | Noticed an unseen horror
   453 | D        | a salamander changed into an unseen horror
   454 | D        | Noticed a harpy
   454 | D        | a yak changed into a harpy
   459 | D        | a harpy changed into a human
   460 | D        | Killed a cyan ugly thing
   460 | D        | Reached skill level 1 in Armour
   460 | D        | Reached skill level 15 in Dodging
   467 | D        | Gained mutation: Your magical capacity is low. (-10% MP) [a
                  | neqoxec]
   475 | D        | Found a transporter.
   477 | D        | Reached XP level 10. HP: 91/93 MP: 11/11
   488 | D        | Got the Compendium of the Escort
   493 | D        | Entered arena 9.
   493 | D        | Gained mutation: You are clumsy. (Dex -2) [a neqoxec]
   494 | D        | Found a transporter.
   522 | D        | Reached skill level 18 in Polearms
   542 | D        | Entered arena 10.
   542 | D        | Noticed a cyclops
   563 | D        | Found a transporter.
   574 | D        | Killed a cyclops
   574 | D        | Reached skill level 5 in Shields
   574 | D        | Reached skill level 5 in Invocations
   855 | D        | Entered arena 11.
   855 | D        | Noticed a naga mage
   855 | D        | Noticed a black mamba
   856 | D        | Found the +7 Spriggan's Knife {stab, EV+4 Stlth+}
   857 | D        | Found a transporter.
   868 | D        | Killed a black mamba
   889 | D        | Killed a naga mage
   889 | D        | Reached XP level 11. HP: 84/101 MP: 14/14
   925 | D        | Got the Guide on Supportive Displacement
   930 | D        | Got the ring of the Monkey's Uncle {rPois rF+}
  1013 | D        | Entered arena 12.
  1013 | D        | Noticed a deep elf sorcerer
  1013 | D        | Noticed an orc high priest
  1013 | D        | Noticed a deep elf archer
  1013 | D        | Noticed a +6 glaive of protection
  1013 | D        | Noticed a deep elf mage
  1013 | D        | Noticed a deep elf knight
  1013 | D        | Noticed a deep elf master archer
  1013 | D        | Noticed a deep elf knight
  1014 | D        | Noticed a deep elf archer
  1015 | D        | Noticed a deep elf master archer
  1022 | D        | Killed a deep elf sorcerer
  1022 | D        | Reached skill level 15 in Fighting
  1022 | D        | Reached skill level 19 in Polearms
  1028 | D        | Killed an orc high priest
  1031 | D        | Killed a +6 glaive of protection
  1036 | D        | Killed a deep elf archer
  1039 | D        | Killed a deep elf knight
  1039 | D        | Mangled by a deep elf knight

Levels and vault maps discovered:
D:        sprint_v [room_start, room_1, room_2, room_3, room_4, room_5, room_6,
          room_7, room_8, room_9, room_10, room_11, room_12, room_13, room_14,
          room_15, room_16, room_17, room_18, room_19, room_20, room_21,
          room_22, room_23, room_24, room_25, room_26, room_27]

Skill      XL: |  1  2  3  4  5  6  7  8  9 10 11 |
---------------+----------------------------------+-----
Fighting       | 6 7 8 9 10 11 13 14 15 | 15.4
Polearms       | 8 10 11 12 13 14 16 17 18 19 | 19.4
Dodging        | 6 8 9 10 12 14 15 16 17 | 17.1
Invocations    | 3 6 8 |  8.4
Armour         | 2 4 |  4.2
Shields        | 3 6 7 |  7.7
Throwing       | |  2.0

Action                   |  1- 3 |  4- 6 |  7- 9 | 10-12 || total
-------------------------+-------+-------+-------+-------++-------
Melee: Lance             |     5 |    22 |    82 |   133 ||   242
Invok: Cleansing Flame   |       |       |       |     2 ||     2
       Summon Divine War |       |       |       |     1 ||     1
  Use: Potion            |     1 |       |       |     6 ||     7
       Scroll            |       |     4 |       |       ||     4
  Eat: Chunk             |       |       |       |     1 ||     1
Armor: Storm dragon scal |       |     6 |    16 |    56 ||    78
Dodge: Dodged            |     1 |     2 |    29 |   116 ||   148
Block: Shield            |     3 |    12 |    31 |   128 ||   174

Table legend:
 A = Non-vault XP
 B = Vault XP
 C = Vault XP percentage of total XP
 D = Non-vault monster count
 E = Vault monster count
 F = Vault count percentage of total count
                 A         B        C        D         E       F
            +---------+---------+-------+---------+---------+-------
      Total |       0 |   12643 | 100.0 |       0 |      59 | 100.0
            +---------+---------+-------+---------+---------+-------
          D |       0 |   12643 | 100.0 |       0 |      59 | 100.0
            +---------+---------+-------+---------+---------+-------
